 Dungeon Crawl Stone Soup version 0.29.1-4-g47bece8355 (webtiles) character file.

Game seed: 18113597072770634236

4246 iamoutofideas the Severer (level 10, -9/83 HPs)
             Began as a Hill Orc Berserker on Dec 8, 2022.
             Was a Priest of Trog.
             Mangled by an orc warrior
             ... wielding a +0 war axe
              (17 damage)
             ... in a bailey.
             The game lasted 00:08:45 (8062 turns).

iamoutofideas the Severer (Hill Orc Berserker)      Turns: 8062, Time: 00:08:46

Health: -9/83      AC:  9    Str: 31    XL:     10   Next: 30%
Magic:  10/10      EV: 11    Int:  7    God:    Trog [***...]
Gold:   545        SH:  0    Dex: 10    Spells: 9/9 levels left

rFire   . . .      SeeInvis .   v - +3 hand axe
rCold   + . .      Faith    .   (no shield)
rNeg    . . .      Spirit   .   q - +2 scale mail {rC+}
rPois   .          Reflect  .   (no helmet)
rElec   .          Harm     .   (no cloak)
rCorr   .          Rampage  .   (no gloves)
Will    ++...                   (no boots)
Stlth   ..........              (no amulet)
HPRegen 1.23/turn               b - +4 ring of slaying
MPRegen 0.12/turn               m - +6 ring of strength

@: strong-willed, on berserk cooldown, regenerating, invisible
A: no striking features
a: Renounce Religion, Berserk, Trog's Hand


You were in a bailey.
You worshipped Trog.
Trog was most pleased with you.
You visited 2 branches of the dungeon, and saw 8 of its levels.
You also visited: Bailey.

You collected 545 gold pieces.

Inventory:

Hand Weapons
 a - a +0 hand axe
 t - a +0 broad axe
 v - a +3 hand axe (weapon)
Armour
 p - a +0 leather armour
 q - a +2 scale mail of cold resistance (worn)
 u - a +0 chain mail
Jewellery
 b - a +4 ring of slaying (left hand)
 m - a +6 ring of strength (right hand)
Wands
 l - a wand of flame (8)
Scrolls
 e - a scroll of brand weapon
 f - a scroll of silence
 g - 2 scrolls of immolation
 i - 3 scrolls of teleportation
 k - a scroll of butterflies
Potions
 c - a potion of cancellation {unknown}
 d - a potion of invisibility
 j - 3 potions of might
 n - a potion of haste
 o - a potion of magic
 r - a potion of brilliance {unknown}
Miscellaneous
 s - a lightning rod (4/4)


   Skills:
 + Level 6.1 Fighting
 + Level 16.6 Axes
 + Level 4.9 Armour
 + Level 3.7 Dodging


You had 9 spell levels left.
You didn't know any spells.
Your spell library contained the following spells:

 Spells                   Type           Power      Damage    Failure   Level
 Sandblast                Erth           0%         2d4       65%         1
 Shock                    Conj/Air       0%         1d3       65%         1
 Slow                     Hex            0%         N/A       65%         1
 Confusing Touch          Hex            0%         N/A       95%         3
 Conjure Flame            Conj/Fire      0%         6-21      95%         3
 Ignite Poison            Fire/Tmut/Pois 0%         N/A       95%         3
 Portal Projectile        Hex/Tloc       0%         N/A       95%         3
 Swiftness                Air            0%         N/A       95%         3
 Tukima's Dance           Hex            0%         N/A       95%         3
 Airstrike                Air            0%         2d(0-16)  100%        4
 Sticky Flame             Conj/Fire      0%         2d3       100%        4
 Blade Hands              Tmut           0%         N/A       100%        5
 Yara's Violent Unravell  Hex/Tmut       0%         3d3       100%        5
 Enfeeble                 Hex            0%         N/A       100%        7


Dungeon Overview and Level Annotations

Branches:
Dungeon (9/15)             Temple (1/1) D:5            Lair (0/5) D:8
 Bailey (1/1)
    Orc: D:9-12

Altars:
Ashenzari
Cheibriados
Dithmenos
Fedhas
Gozag
Hepliaklqana
Kikubaaqudgha
Makhleb
Nemelex Xobeh
Okawaru
Qazlal
Sif Muna
Trog
Vehumet
Wu Jian
Xom
Yredelemnul
The Shining One


Message History

Okay, then.
v - a +3 hand axe
v - a +3 hand axe (weapon)
Unknown command.
There is a large open door here.
The orc warrior hits you with a +0 war axe!
The orc warrior hits you but does no damage.
You are too injured to fight recklessly!
You are too injured to fight recklessly!
You're still recovering from your berserk rage.
You are too injured to fight recklessly!
The orc warrior attacks as you move away!
The orc warrior completely misses you.
There is a large open door here.
You fade into invisibility!
An orc warrior comes into view. It is wielding a +0 war axe.
The orc warrior hits you with a +0 war axe! x2
* * * LOW HITPOINT WARNING * * *
The orc warrior moves out of view.
Okay, then.
Your skin crawls.
You feel strong-willed.
The orc warrior hits you with a +0 war axe!
* * * LOW HITPOINT WARNING * * *
You feel better.
The orc warrior hits you with a +0 war axe!
* * * LOW HITPOINT WARNING * * *
The orc warrior hits you with a +0 war axe!
* * * LOW HITPOINT WARNING * * *
You feel yourself speed up.
The orc warrior shouts!
Okay, then.
Okay, then.
Okay, then.
The orc warrior shouts!
Okay, then.
Okay, then.
Okay, then.
The orc warrior hits you with a +0 war axe!
You die...

#≈≈≈≈≈# #≈≈≈≈≈#
####### #≈≈≈≈≈#
....... #≈≈≈≈≈#
.8.8.
#≈≈≈≈≈######...#
#≈≈≈≈≈~.#......#
#####.≈≈≈≈~.#......#
......≈≈≈≈~.#''#####
......≈≈≈≈~.#[..@.#
............+†..o.#
.∩..........+).⌠o.#
............+)....#
......≈≈≈≈~.#.....#
......≈≈≈≈~.#''####
#####.≈≈≈≈~.#...
#≈≈≈≈≈~.#....
#≈≈≈≈≈######..


You could see 2 orc warriors.

Vanquished Creatures
  Pikel (D:5)
  A hornet (D:9)
  A wyvern (D:8)
  8 yaks (D:8)
  A basilisk (D:8)
  A steam dragon (D:8)
  2 water moccasins (D:8)
  An ice beast (D:4)
  3 orc warriors
  2 ogres (D:4)
  A phantom (D:5)
  A gnoll sergeant (D:4)
  A bullfrog (D:9)
  A scorpion (D:8)
  2 howler monkeys
  An electric eel (Bailey)
  A gnoll bouda (D:4)
  An orc priest (D:5)
  4 hounds
  A jelly (D:4)
  4 iguanas
  4 orc wizards
  6 adders
  16 gnolls
  A white imp (D:5)
  2 ufetubi
  2 worms
  A dart slug (D:4)
  29 orcs
  3 endoplasms
  3 giant cockroaches
  7 hobgoblins
  24 jackals
  7 kobolds
  4 quokkas
  6 ball pythons
  2 bats
  3 frilled lizards
  16 goblins
  3 rats (D:1)
178 creatures vanquished.

Vanquished Creatures (others)
  A water moccasin (D:8)
  9 plants
10 creatures vanquished.

Grand Total: 188 creatures vanquished

Notes
Turn   | Place    | Note
-------+----------+-------------------------------------------
     0 | D:1      | iamoutofideas the Hill Orc Berserker began the quest for
                  | the Orb.
     0 | D:1      | Reached XP level 1. HP: 19/19 MP: 1/1
    47 | D:1      | Reached XP level 2. HP: 17/27 MP: 2/2
   787 | D:1      | Found a faded altar of an unknown god.
  1334 | D:2      | Reached XP level 3. HP: 26/33 MP: 3/3
  1723 | D:2      | Reached skill level 5 in Axes
  2149 | D:2      | Reached XP level 4. HP: 25/40 MP: 4/4
  2685 | D:3      | Reached skill level 6 in Axes
  3331 | D:3      | Reached ** piety under Trog
  3704 | D:3      | Found a basalt altar of Yredelemnul.
  3809 | D:3      | Reached XP level 5. HP: 45/46 MP: 5/5
  3834 | D:4      | Reached skill level 7 in Axes
  3962 | D:4      | Reached XP level 6. HP: 45/52 MP: 6/6
  3964 | D:4      | Reached skill level 8 in Axes
  4094 | D:4      | Reached skill level 9 in Axes
  4233 | D:4      | Found a broken altar of Ashenzari.
  4602 | D:4      | Reached XP level 7. HP: 59/59 MP: 7/7
  4604 | D:4      | Reached skill level 10 in Axes
  4846 | D:4      | Reached skill level 11 in Axes
  5140 | D:4      | Reached XP level 8. HP: 60/66 MP: 8/8
  5269 | D:4      | Reached *** piety under Trog
  5290 | D:4      | Reached skill level 12 in Axes
  5757 | D:5      | Entered Level 5 of the Dungeon
  5863 | D:5      | Found a shimmering blue altar of Sif Muna.
  5872 | D:5      | Got Sif Muna's Incunable of the Baleful Rocks
  5884 | D:5      | Found a bloodstained altar of Trog.
  6088 | D:5      | Noticed Pikel
  6102 | D:5      | Killed Pikel
  6103 | D:5      | Reached skill level 14 in Axes
  6146 | D:5      | Reached XP level 9. HP: 71/71 MP: 9/9
  6395 | D:5      | Found a staircase to the Ecumenical Temple.
  6514 | D:5      | Found a radiant altar of Vehumet.
  6597 | Temple   | Entered the Ecumenical Temple
  6687 | D:5      | You fall into a shaft and drop 3 floors!
  6687 | D:8      | Found a glowing golden altar of the Shining One.
  6711 | D:8      | Reached skill level 15 in Axes
  6911 | D:8      | Reached skill level 16 in Axes
  6986 | D:8      | Found a staircase to the Lair.
  7005 | D:8      | Reached skill level 5 in Fighting
  7011 | D:8      | Reached XP level 10. HP: 51/81 MP: 10/10
  7395 | D:9      | Found a flagged portal.
  7414 | Bailey   | Entered a bailey
  8057 | Bailey   | HP: 1/83 [orc warrior/+0 war axe (14)]
  8062 | Bailey   | Mangled by an orc warrior

Illustrated notes

Levels and vault maps discovered:
D:1:      lordsloth_arrival_two_stooges, layout_basic,
          shapermc_ecumenical_altar_pompeii, chequers_garden,
          dreamdust_wishing_well
D:2:      layout_loops_ring, minmay_pentomino_p4
D:3:      layout_rooms, mainiacjoe_overflow_tiny_flanked
D:4:      lemuel_castle_with_subvaults [lemuel_castle_interior_carwin_2],
          layout_rooms, nicolae_ashenzari_skybound, serial_glass,
          glass_columns_b, glass_columns_b, glass_columns_a, glass_columns_c,
          glass_columns_a, glass_columns_b, glass_columns_c, glass_columns_a
D:5:      layout_basic, nzn_overflow_gifts_of_might_and_magic,
          mainiacjoe_overflow_small_starburst, nicolae_ru_awakened_eye,
          temple_statues, uniq_pikel
D:8:      layout_cave_pools, elyvilon_altar_3, old_standard_altar,
          zin_scriptorium, minmay_lair_entry_grove
D:9:      layout_stronghold, enter_bailey_5, serial_shops,
          nicolae_shop_statue_plus, minmay_misc_feat_tower,
          reono_crystal_passage, minivault_21, uniq_gastronok
Temple:   nicolae_temple_no_exploring_needed
Bailey:   bailey_axe_of_yendor_kennysheep, bailey

Skill      XL: |  1  2  3  4  5  6  7  8  9 10 |
---------------+-------------------------------+-----
Fighting       | 4 5 6 |  6.1
Axes           | 5 6 7 9 11 14 16 | 16.6
Dodging        | 3 |  3.7
Armour         | 4 |  4.9

Action                   |  1- 3 |  4- 6 |  7- 9 | 10-12 || total
-------------------------+-------+-------+-------+-------++-------
Melee: Hand axe          |   119 |   116 |   237 |    45 ||   517
       Punch             |       |       |     2 |       ||     2
Invok: Berserk           |     1 |     5 |     8 |     3 ||    17
       Trog's Hand       |       |     2 |     1 |     3 ||     6
  Use: Potion            |       |     3 |     1 |     3 ||     7
       Scroll            |       |       |     9 |     4 ||    13
Armor: Animal skin       |    32 |     4 |       |       ||    36
       Leather armour    |       |     8 |       |       ||     8
       Scale mail        |       |    41 |    62 |     9 ||   112
Dodge: Dodged            |   108 |    75 |    82 |    21 ||   286
